AoeStats
← [GG] Trezeguet

Arabia

510449388Analyzed
2v2 RM · 12h ago on Oct 1, 2026· 46m 10s· 4 players
Game mode
Random Map
Map size
Medium (4 player)
Population
200
Speed
Normal
Resources
Standard
Victory
Conquest
Starting age
Dark Age
Ending age
Imperial Age
RankedLock teamsTeams togetherTeam positionsShared explorationLock speedFull tech treeHidden civsTurbo modeCheats
Victory
Defeat
🇦🇷 Ethiopians · Argentina
1165
+10
🇦🇷 Koreans · Argentina
956
+50
🇧🇷 Magyars · Brazil
1017
-14
🇧🇷 Portuguese · Brazil
993
-13
[GG] Shevchenko 7
5:07 Loom
10:08 Feudal Age
16:42 Castle Age
[GG] Trezeguet
4:46 Loom
9:52 Feudal Age
12:56 Bloodlines
15:53 Horse Collar
19:12 Double-Bit Axe
23:51 Castle Age
22:53 Scale Mail Armor
23:20 Scale Barding Armor
23:16 Stone Mining
23:48 Fletching
24:03 Gold Mining
31:02 Imperial Age
30:52 Corvinian Army
30:57 Heavy Plow
30:59 Husbandry
30:34 Light Cavalry
32:18 Chain Mail Armor
42:05 Bodkin Arrow
Gannicus
4:42 Loom
13:49 Feudal Age
14:21 Man-at-Arms
17:53 Castle Age
16:19 Fletching
16:15 Double-Bit Axe
18:11 Forging
17:57 Crossbowman
18:35 Bodkin Arrow
22:10 Padded Archer Armor
22:11 Scale Mail Armor
25:18 Leather Archer Armor
35:32 Iron Casting
41:59 Wheelbarrow
46:25 Hand Cart
infolucianodelgado
5:16 Loom
11:21 Feudal Age
20:47 Castle Age
24:00 Double-Bit Axe
24:04 Horse Collar
27:05 Heavy Plow
30:55 Pikeman
37:50 Imperial Age
36:35 Wheelbarrow
36:41 Bow Saw
38:16 Hand Cart
38:21 Stone Mining
40:02 Scale Mail Armor
41:06 Forging
41:46 Chain Mail Armor
43:03 Two-Man Saw
42:14 Halberdier
44:44 Squires
46:23 Iron Casting
Connection lost

Rejoining the realm…

Still unreachable

The connection could not be restored.

Session expired

The server has moved on; the page needs a fresh start.